 Dungeon Crawl Stone Soup version 0.15-a0-2102-gacb6860 (webtiles) character file.

29 MackTheKnife the Insei (level 3, -7/26 HPs)
             Began as a Merfolk Transmuter on July 15, 2014.
             Killed by divine providence
             ... invoked by an orc priest
              (12 damage)
             ... on Level 1 of the Dungeon.
             The game lasted 00:03:08 (1322 turns).

MackTheKnife the Insei (Merfolk Transmuter)         Turns: 1322, Time: 00:03:08

HP  -7/26        AC  2     Str 10      XL: 3   Next: 16%
MP   5/6         EV 13     Int 12      God:
Gold 56          SH  0     Dex 15      Spells:  2 memorised,  3 levels left

rFire  . . .     SeeInvis .       - Unarmed
rCold  . . .     Clarity  .     c - +0 robe
rNeg   . . .     rCorr    .     (no shield)
rPois  .         rRot     .     (helmet restricted)
rElec  .         Spirit   .     (no cloak)
SustAb .         Warding  .     (no gloves)
rMut   .         Stasis   .     (no boots)
Gourm  .                        (no amulet)
MR     .....                    (no ring)
                                (no ring)

@: appendage, not resistant to hostile enchantments, very unstealthy
A: change form in water, swift swim, horns 2
a: End Transformation


You were on level 1 of the Dungeon.
You were not hungry.
You had grown temporary horns.
You visited 1 branch of the dungeon, and saw 1 of its levels.

You collected 56 gold pieces.


Innate Abilities, Weirdness & Mutations

You revert to your normal form in water.
You are very nimble and swift while swimming.
You have a pair of horns on your head.


   Skills:
 - Level 1.1 Fighting
 - Level 2.6 Dodging
 + Level 4.0 Unarmed Combat
 - Level 2.0 Spellcasting
 + Level 3.7 Transmutations


You had 3 spell levels left.
You knew the following spells:

 Your Spells              Type           Power        Failure   Level  Hunger
y - Sticks to Snakes      Trmt           ##........   12%         2    ###....
z - Beastly Appendage     Trmt           ##....       8%          1    ##.....

Inventory:

Missiles
 b - 12 arrows
Armour
 c - a +0 robe (worn)
Comestibles
 a - a bread ration
 k - a beef jerky
Scrolls
 f - a scroll of teleportation
Jewellery
 l - an uncursed amulet of warding {unknown}
Potions
 e - a potion of magic {unknown}
 g - a potion of lignification {unknown}
 h - a potion of cancellation {unknown}
 i - a potion of might {unknown}
Books
 d - a book of Changes

   Spells                             Type                      Level
   *Beastly Appendage                 Transmutation                1
   *Sticks to Snakes                  Transmutation                2
   Spider Form                        Transmutation/Poison         3
   Ice Form                           Ice/Transmutation            4
   Blade Hands                        Transmutation                5

▒▒▒▒▒▒▒▒▒▒▒▒▒ ▒▒▒▒········· ▒▒▒
▒▒▒···▒▒▒▒▒+▒▒▒ ····▒▒▒▒▒
▒▒··▒▒▒▒▒≈≈≈##≈# ▒········▒
▒▒·▒▒▒ ▒≈≈≈···#·≈ ▒········▒ ▒·▒▒
▒··)·····# ▒········▒ ▒·▒
▒▒▒▒▒▒'▒▒▒ ▒········▒ ▒▒·▒▒▒▒▒
▒▒▒8▒8'8▒
▒·▒···%··▒▒▒▒▒▒▒m▒▒···▒▒▒········
▒>·········oo·)▒o▒····▒▒·········
·········▒▒▒▒▒·▒·▒····▒··········
·········▒ ▒·o·'···········<···
[········▒ ▒·▒·▒····▒··········
···▒▒▒▒▒▒▒▒▒▒▒·▒·▒····▒▒·········
···▒▒·······▒▒·▒·▒▒···▒▒▒····((··
▒·▒▒▒·)·····▒▒·▒▒·▒▒▒▒▒ ▒▒▒▒8'8▒▒
▒·▒▒▒·······▒▒·▒▒·▒ ▒▒▒▒▒▒(▒▒▒


You could see an orc priest and an orc.


Message History

The orc hits you with a flail.
You closely miss the orc.
The orc is severely wounded.
The orc hits you but does no damage.
An orc comes into view.
You grow a pair of large bovine horns.
You barely miss the orc.
The orc is severely wounded.
The orc priest glows brightly for a moment.
The orc closely misses you.
You closely miss the orc.
The orc is severely wounded.
The orc hits you with a runed whip.
You hit the orc. You headbutt the orc.
You kill the orc!
The orc hits you with a runed whip.
* * * LOW HITPOINT WARNING * * *
The orc priest hits you from afar with a trident.
* * * LOW HITPOINT WARNING * * *
You hit the orc.
The orc is moderately wounded.
The orc closely misses you.
The orc priest hits you from afar with a trident.
* * * LOW HITPOINT WARNING * * *
You barely miss the orc.
The orc is moderately wounded.
The orc misses you. The orc priest closely misses you.
The orc priest invokes the aid of Beogh against you.
Something smites you!
You die...

Action                   || total
-------------------------++-------
Melee: Unarmed           ||    88
 Cast: Beastly Appendage ||     3
  Use: Scroll            ||     3
  Eat: Chunk             ||     1

Vault maps used:
D:1:      dpeg_arrival_morbid_curiosity

Notes
Turn   | Place    | Note
--------------------------------------------------------------
     0 | D:1      | MackTheKnife, the Merfolk Transmuter, began the quest for the Orb.
     0 | D:1      | Reached XP level 1. HP: 15/15 MP: 3/3
   141 | D:1      | Reached skill level 3 in Transmutations
   300 | D:1      | Reached XP level 2. HP: 15/21 MP: 4/4
   318 | D:1      | Learned a level 2 spell: Sticks to Snakes
  1082 | D:1      | Reached XP level 3. HP: 18/26 MP: 6/6
  1104 | D:1      | Reached skill level 4 in Unarmed Combat
  1322 | D:1      | Killed from afar by an orc priest

Vanquished Creatures
  An orc (D:1)
  4 bats (D:1)
  5 hobgoblins (D:1)
  2 ball pythons (D:1)
  3 giant newts (D:1)
  6 goblins (D:1)
  6 kobolds (D:1)
27 creatures vanquished.
